 Dungeon Crawl Stone Soup version 0.16-a0-212-g3ed950e (webtiles) character file.

222263 KaKa the Imperceptible (level 18, -3/138 HPs)
             Began as a Vampire Enchanter on Aug 1, 2014.
             Was the Champion of Kikubaaqudgha.
             Killed from afar by Ilsuiw (61 damage)
             ... with a shard of ice
             ... on Level 5 of the Shoals on Aug 18, 2014.
             The game lasted 05:02:33 (38620 turns).

KaKa the Imperceptible (Vampire Enchanter)         Turns: 38620, Time: 05:02:35

HP  -3/138       AC 16     Str 12      XL: 18   Next: 52%
MP  29/29        EV 26     Int 17      God: Kikubaaqudgha [******]
Gold 3591        SH  6     Dex 20      Spells:  9 memorised,  1 level left

rFire  + . .     SeeInvis +     I - +4 rod of destruction (1/12)
rCold  . . .     Clarity  .     M - +1 troll leather armour
rNeg   + . .     rCorr    .     V - +0 buckler
rPois  .         rRot     .     N - +2 helmet {SInv}
rElec  .         Spirit   .     x - +2 cloak of Skellia {+Fly Slay+3 SInv}
SustAb .         Warding  .     O - +1 pair of gloves
rMut   .         Stasis   .     K - +1 pair of boots {run}
Gourm  .                        (no amulet)
MR     ++...                    W - ring of protection from magic
                                S - ring of protection from fire

@: mighty, lethally poisoned, quick, very resistant to hostile enchantments,
uncannily stealthy
A: bottle blood, fangs 3, see invisible, mutation resistance 1, unbreathing
a: Bat Form, Bottle Blood, Receive Corpses, Torment, Renounce Religion, Evoke
Flight
}: 1/15 runes: gossamer


You were on level 5 of the Shoals.
You worshipped Kikubaaqudgha.
Kikubaaqudgha was exalted by your worship.
You were not thirsty.

You visited 6 branches of the dungeon, and saw 38 of its levels.
You visited the Abyss 1 time.
You also visited: Labyrinth and Volcano.

You collected 5380 gold pieces.
You spent 1789 gold pieces at shops.

Inventory:

Hand weapons
 a - a +10 quick blade of pain
 h - a +5 blowgun
 t - a +1 dagger of draining
Missiles
 J - 14 curare-tipped needles
Armour
 x - the +2 cloak of Skellia (worn) {+Fly Slay+3 SInv}
   (You found it on level 4 of the Shoals)

   It affects your accuracy and damage with ranged weapons and melee attacks
   (+3).
   It enhances your eyesight.
   It lets you fly.
 K - a +1 pair of boots of running (worn)
 M - a +1 troll leather armour (worn)
 N - a +2 helmet of see invisible (worn)
 O - a +1 pair of gloves (worn)
 V - a +0 buckler (worn)
Magical devices
 y - a wand of draining (6)
 D - a wand of disintegration (10)
 E - a wand of lightning (3)
 R - a wand of digging (13)
Scrolls
 e - 9 scrolls of recharging
 f - 5 scrolls of amnesia
 g - 10 scrolls of teleportation
 i - 4 scrolls of fog
 j - 10 scrolls of identify
 l - 8 scrolls of remove curse
 m - 2 scrolls of silence
 o - 7 scrolls of blinking
 p - 11 scrolls of enchant armour
 s - 3 scrolls of fear
 B - a scroll of magic mapping
 U - 11 scrolls of enchant weapon
Jewellery
 n - an uncursed ring of teleportation
 S - a ring of protection from fire (left hand)
 W - a ring of protection from magic (right hand)
 Z - an uncursed ring of teleport control
Potions
 b - a potion of coagulated blood
 d - 2 potions of agility
 k - 5 potions of blood
 u - 7 potions of heal wounds
 v - a potion of magic
 w - a potion of haste
 z - 2 potions of cure mutation
 A - 4 potions of might
 F - 11 potions of curing
 G - a potion of resistance
 H - 7 potions of brilliance
 P - a potion of cancellation
 T - 4 potions of restore abilities
 X - a potion of invisibility
Books
 c - a book of Maledictions

   Spells                             Type                      Level
   *Corona                            Hexes                        1
   Sure Blade                         Hexes/Charms                 2
   *Ensorcelled Hibernation           Hexes/Ice                    2
   *Confuse                           Hexes                        3
   *Dazzling Spray                    Conjuration/Hexes            3
   *Enslavement                       Hexes                        4
 C - a book of the Warp

   Spells                             Type                      Level
   Control Teleport                   Charms/Translocation         4
   Phase Shift                        Translocation                5
   Warp Weapon                        Charms/Translocation         5
   Dispersal                          Translocation                6
   Controlled Blink                   Translocation                7
   Disjunction                        Translocation                8
 Q - Kikubaaqudgha's Handbook of Evil
   (Kikubaaqudgha gifted it to you on level 11 of the Dungeon)

   Spells                             Type                      Level
   *Animate Dead                      Necromancy                   4
   Excruciating Wounds                Charms/Necromancy            5
   *Dispel Undead                     Necromancy                   5
   Simulacrum                         Ice/Necromancy               6
   Death Channel                      Necromancy                   6
Miscellaneous
 q - a lamp of fire
 r - a lamp of fire
Rods
 I - a +4 rod of destruction (1/12) (weapon)
   (You found it in a labyrinth)
 Y - a +3 rod of destruction (14/14)
   (You took it off a minotaur in a labyrinth)


   Skills:
 + Level 11.6 Fighting
 - Level 10.0 Short Blades
 + Level 3.5 Armour
 + Level 16.0 Dodging
 - Level 25.0 Stealth
 - Level 5.2 Shields
 - Level 5.0 Spellcasting
 - Level 4.0 Conjurations
 - Level 8.1 Hexes
 - Level 10.8 Charms
 - Level 11.0 Necromancy
 - Level 5.1 Evocations


You had one spell level left.
You knew the following spells:

 Your Spells              Type           Power        Failure   Level  Hunger
a - Corona                Hex            ####...      1%          1    None
b - Ensorcelled Hibernat  Hex/Ice        ###...       4%          2    #......
c - Confuse               Hex            ####....     1%          3    ###....
d - Enslavement           Hex            ####....     8%          4    ####...
e - Dispel Undead         Necr           #####...     6%          5    #####..
f - Animate Dead          Necr           N/A          1%          4    ####...
g - Regeneration          Chrm/Necr      #####.....   1%          3    ###....
h - Apportation           Tloc           #.........   17%         1    None
q - Dazzling Spray        Conj/Hex       ###.....     4%          3    ###....


Dungeon Overview and Level Annotations

Branches:
Dungeon (15/15)            Temple (1/1) D:6             Orc (4/4) D:9
    Elf (0/3) Orc:4          Lair (8/8) D:11         Shoals (5/5) Lair:6
 Spider (5/5) Lair:6        Slime (0/6) Lair:7       Vaults (0/5) D:13
 Depths (0/5) D:15

Altars:
Ashenzari
Cheibriados
Dithmenos
Elyvilon
Fedhas
Gozag
Kikubaaqudgha
Makhleb
Nemelex Xobeh
Okawaru
Qazlal
Sif Muna
Trog
Vehumet
Xom
Yredelemnul
Zin
The Shining One
Beogh

Shops:
D:9 ([   D:10 [   Orc:4 (*[:

Portals:
Hell: Lair:8
Trove: D:13 (give 12 potions of heal wounds)

Annotations:
Shoals:5 Asterion, Ilsuiw


Innate Abilities, Weirdness & Mutations

You can bottle blood from corpses.
You have razor-sharp teeth.
You have supernaturally acute eyesight.
You can survive without breathing.
You are somewhat resistant to further mutation.


Message History

You see here a poisoned javelin.
You feel sick.
Read which item? (? for menu, Esc to quit)
As you read the scroll of fog, it crumbles to dust.
The scroll dissolves into smoke.
You float gracefully downwards.
You feel sick.
Drink which item? (? for menu, Esc to quit)
You feel very mighty all of a sudden.
You feel sick.
Drink which item? (? for menu, Esc to quit)
You feel better.
You see here a poisoned javelin.
You closely miss Ilsuiw.
Ilsuiw is lightly wounded.
You block Ilsuiw's attack.
The merfolk javelineer hits you but does no damage.
You are poisoned.
Ilsuiw casts a spell at you. The shard of ice hits you!
You die...
Kikubaaqudgha rasps: "You have failed me!
Welcome... oblivion!"

≈≈≈≈≈≈≈≈≈≈≈≈≈≈ ≈≈≈≈≈≈≈≈≈≈≈≈≈≈
≈≈≈≈≈≈≈≈≈≈≈≈≈≈≈
≈≈≈≈≈≈≈≈≈≈≈≈≈####
≈≈≈≈≈≈≈≈≈..≈#≈≈≈≈##
≈≈≈≈≈≈≈≈....#≈#≈≈≈≈## ≈
≈≈≈≈≈≈≈..).(m#≈≈≈#≈≈##≈≈≈≈
≈≈≈≈≈≈≈...(#m§§≈#≈#≈≈#≈≈≈≈≈
.≈≈≈≈≈≈m..(.#@§§#≈≈≈≈≈#≈≈≈≈≈≈
....≈≈≈≈(...#§§#≈≈≈≈≈≈#≈≈≈≈≈≈≈
.....≈≈≈....##§§#≈≈≈#≈≈≈≈≈≈≈≈≈
.....≈≈≈....##§≈≈≈#≈#≈≈≈≈≈≈≈≈
....≈≈≈≈....≈##≈≈≈≈#≈≈≈≈≈≈≈.≈
####≈≈≈≈.≈≈≈≈≈####≈≈≈≈#
##≈≈≈≈≈≈≈≈≈≈≈≈≈≈≈≈##
#≈≈≈≈≈≈≈≈≈≈≈≈≈≈≈≈#
#≈≈≈≈≈≈≈≈≈...≈≈≈≈#


You could see Ilsuiw and a merfolk javelineer.

Vanquished Creatures
  The ghost of Crauler the Shatterer, a mighty OgBe of Trog (Shoals:5)
  Polyphemus (Shoals:2)
  Frances (D:14)
  Kirke (D:14)
  Aizul (Spider:2)
  4 ghost moths
  Louise (Shoals:1)
  Gastronok (Lair:3)
  An orc warlord (Orc:2)
  3 emperor scorpions (Spider:5)
  A stone giant (Orc:4)
  Azrael (Spider:2)
  A fire dragon (Volcano)
  2 merfolk javelineers (Shoals:5)
  A minotaur (Lab)
  5 vault guards (D:13)
  A yaktaur captain (D:15)
  3 merfolk impalers
  Josephine (D:10)
  2 ettins (Orc:4)
  Fannar (Lair:7)
  Nessos (Orc:3)
  13 hydras
  4 centaur warriors
  An anaconda (Lair:6)
  A merfolk aquamancer (Shoals:2)
  2 sirens
  Erica (Lair:3)
  The ghost of Afay the Nimble, a powerful SpWr of Okawaru (D:12)
  2 ogre magi (D:13)
  An alligator snapping turtle (Shoals:2)
  2 death yaks (Shoals:2)
  2 satyrs
  A tengu warrior (D:15)
  Urug (D:15)
  2 thrashing horrors (Abyss:1)
  A catoblepas (Shoals:2)
  A sun demon (Lair:8)
  Erolcha (D:11)
  3 deep trolls (Orc:2)
  5 sea snakes
  A fire crab (Lair:8)
  5 hill giants
  11 orb spiders
  6 unseen horrors
  A wizard (Lair:8)
  Pikel (D:4)
  4 harpies (Shoals:1)
  An orc knight (Orc:1)
  39 wolf spiders
  10 black mambas
  11 fauns
  7 griffons
  2 water nymphs
  8 manticores
  A red wasp (Spider:5)
  11 ugly things
  10 cyclopes
  5 mermaids
  2 molten gargoyles (Volcano)
  2 smoke demons
  5 torpor snails
  An item mimic (Volcano)
  A spiny frog (shapeshifter) (D:15)
  A yaktaur (D:13)
  An orange demon (Lair:8)
  7 gargoyles
  8 spiny frogs
  A hellwing (Lair:8)
  11 demonic crawlers
  5 komodo dragons
  A kobold demonologist (D:13)
  14 merfolk
  12 fire drakes
  2 red devils (Lair:8)
  5 trolls
  A hydra skeleton (D:12)
  12 blink frogs
  A catoblepas zombie (D:10)
  4 ravens (D:15)
  Prince Ribbit (D:4)
  2 blue devils (Lair:8)
  23 jumping spiders
  A catoblepas skeleton (D:15)
  3 snapping turtles
  7 slime creatures
  3 shadows
  3 two-headed ogres
  An air elemental (Abyss:1)
  A basilisk (D:13)
  40 redbacks
  2 boulder beetles
  26 yaks
  21 trapdoor spiders
  A spriggan (D:10)
  A human (D:13)
  A black mamba zombie (Lair:6)
  8 fire bats (Volcano)
  30 tarantellas
  8 water elementals
  A hog (D:14)
  2 deep elf magi
  A fire elemental (Spider:2)
  3 wraiths
  Grum (Orc:2)
  A steam dragon (Lair:7)
  A warg (Orc:2)
  A hill giant skeleton (D:10)
  16 wolves
  13 hippogriffs
  4 hungry ghosts
  6 hell hounds
  3 tengu zombies
  2 soldier ants
  8 porcupines
  The ghost of Charly the Ruinous, an average TeFE of Vehumet (D:7)
  A slave (D:4)
  26 water moccasins
  27 orc warriors
  3 ice beasts
  12 ogres
  10 spiders
  A necrophage (D:9)
  3 phantoms
  A black bear (D:12)
  9 centaurs
  A yellow wasp (D:13)
  2 boring beetles
  3 sky beasts
  10 crocodiles
  Sigmund (D:6)
  A brain worm (Lair:8)
  20 giant frogs
  3 big kobolds
  Blork the orc (D:7)
  A wyvern zombie (D:10)
  A yaktaur skeleton (D:11)
  A wyvern skeleton (D:6)
  12 worker ants
  11 scorpions
  A yak zombie (D:9)
  A troll zombie (D:11)
  26 killer bees
  An eye of draining (D:15)
  3 jellies
  3 electric eels
  2 goliath beetles
  8 crimson imps
  13 wights
  3 quasits
  16 orc priests
  9 hounds
  7 iguanas
  A centaur skeleton (D:7)
  A two-headed ogre skeleton (D:10)
  Natasha (thrice) (D:5)
  24 orc wizards
  11 sheep
  A big kobold zombie (D:11)
  An ogre zombie (D:8)
  Jessica (D:2)
  An ogre skeleton (D:7)
  2 hound zombies
  The ghost of Charly the Firebug, a weakling TeFE (D:4)
  A worker ant zombie (D:10)
  52 green rats
  9 gnolls
  20 adders
  5 shadow imps
  A giant mite (D:8)
  3 worms
  An orc skeleton (D:4)
  An orc zombie (D:11)
  An ooze (D:2)
  170 orcs
  A bat skeleton (D:6)
  2 gnoll zombies (D:2)
  24 goblins
  28 hobgoblins
  9 quokkas
  2 ball pythons
  11 bats
  7 giant cockroaches
  4 giant geckos
  4 giant newts
  2 giant spores
  A hobgoblin skeleton (D:6)
  34 kobolds
  A kobold zombie (D:11)
  20 rats
  A rat skeleton (D:4)
  7 ballistomycetes
  A butterfly (D:2)
  A fungus (Orc:4)
  5 plants
1288 creatures vanquished.

Vanquished Creatures (collateral kills)
  An ettin (Orc:4)
  Nergalle (Lair:6)
  3 orb spiders (Spider:5)
  3 wolf spiders
  A cyclops (Orc:4)
  A black mamba (Lair:6)
  A redback zombie (Spider:5)
  A queen bee (Spider:1)
  2 jumping spiders (Spider:1)
  4 redbacks
  3 trapdoor spiders
  4 yaks (Lair:6)
  8 killer bees (Spider:1)
  3 hell hounds (Lair:8)
  A water moccasin (Lair:6)
  5 spiders
  A giant frog (Lair:6)
  A hound (Lair:6)
  An adder (Lair:6)
  6 green rats (Lair:6)
  6 orcs
  A quokka (Lair:6)
  3 fungi (Orc:4)
61 creatures vanquished.

Vanquished Creatures (others)
  2 wolf spider zombies (Spider:5)
  A drowned soul (Shoals:3)
  6 redback zombies
  A hydra zombie (Lair:8)
  3 jumping spider zombies
  A trapdoor spider zombie (Spider:5)
  3 tarantella zombies (Spider:1)
  2 black mamba zombies (Lair:6)
  2 orb spider zombies (Spider:5)
  A slave (D:4)
  A giant frog (D:14)
  A cyclops zombie (Orc:4)
  3 water moccasin zombies (Lair:6)
  A spider zombie (Spider:1)
  A yak zombie (Lair:6)
  A queen bee zombie (Spider:1)
  A wolf zombie (Orc:2)
  A hound (D:4)
  An orc priest (D:14)
  3 killer bee zombies (Spider:1)
  2 gnolls (D:5)
  A sheep zombie (Lair:8)
  A giant gecko (D:4)
  4 orcs (D:4)
  2 giant spores
  A kobold (D:4)
  10 orc zombies
  A rat (D:4)
58 creatures vanquished.

Grand Total: 1407 creatures vanquished

Notes
Turn   | Place    | Note
--------------------------------------------------------------
     0 | D:1      | KaKa, the Vampire Enchanter, began the quest for the Orb.
     0 | D:1      | Reached XP level 1. HP: 13/13 MP: 3/3
   393 | D:1      | Reached XP level 2. HP: 19/19 MP: 4/4
   868 | D:2      | Found a shattered altar of Ashenzari.
   999 | D:2      | Found a shimmering altar of Xom.
   999 | D:2      | Noticed Jessica
  1032 | D:2      | Reached XP level 3. HP: 16/24 MP: 6/6
  1050 | D:2      | Killed Jessica
  1278 | D:2      | Found a basalt altar of Yredelemnul.
  1460 | D:2      | Reached XP level 4. HP: 30/30 MP: 7/7
  1501 | D:2      | Found an opulent altar of Gozag.
  1608 | D:2      | Learned a level 2 spell: Ensorcelled Hibernation
  1612 | D:2      | Learned a level 3 spell: Confuse
  1634 | D:2      | Reached skill level 5 in Short Blades
  2047 | D:3      | Reached XP level 5. HP: 26/35 MP: 3/9
  2123 | D:3      | Reached skill level 5 in Stealth
  2168 | D:3      | Found an opulent altar of Gozag.
  2296 | D:3      | Found a burning altar of Makhleb.
  2575 | D:4      | Noticed an ogre
  2579 | D:4      | Killed an ogre
  2579 | D:4      | Reached skill level 7 in Stealth
  2692 | D:4      | Noticed a slave
  2701 | D:4      | Noticed Pikel
  2701 | D:4      | Noticed a slave
  2701 | D:4      | Noticed a slave
  2702 | D:4      | Noticed a slave
  2735 | D:4      | Noticed Prince Ribbit
  2752 | D:4      | Killed a slave
  2766 | D:4      | Killed Pikel
  2766 | D:4      | Reached skill level 11 in Stealth
  2766 | D:4      | Reached XP level 6. HP: 37/41 MP: 2/10
  2766 | D:4      | Reached XP level 7. HP: 41/46 MP: 2/12
  2855 | D:4      | Reached skill level 5 in Hexes
  3073 | D:4      | Noticed Charly's ghost (weakling TeFE)
  3075 | D:4      | Killed Charly's ghost
  3094 | D:4      | Killed Prince Ribbit
  3131 | D:4      | Learned a level 4 spell: Enslavement
  3279 | D:4      | Reached XP level 8. HP: 52/52 MP: 13/13
  3368 | D:4      | Killed a freed slave
  3624 | D:5      | Entered Level 5 of the Dungeon
  4000 | D:5      | Noticed Natasha
  4054 | D:5      | Killed Natasha
  4055 | D:5      | Noticed Natasha
  4219 | D:5      | Killed Natasha
  4329 | D:5      | Noticed Natasha
  4348 | D:5      | Killed Natasha
  4522 | D:5      | Found a deep blue altar of Sif Muna.
  4651 | D:5      | Found a glowing golden altar of the Shining One.
  4764 | D:6      | Reached skill level 5 in Spellcasting
  5175 | D:6      | Reached XP level 9. HP: 28/57 MP: 19/21
  5243 | D:6      | Found an iron altar of Okawaru.
  5483 | D:6      | Noticed Sigmund
  5489 | D:6      | Killed Sigmund
  5558 | D:6      | Noticed a moth of wrath
  5560 | D:6      | Found a bloodstained altar of Trog.
  5775 | D:6      | Found a staircase to the Ecumenical Temple.
  5783 | Temple   | Entered the Ecumenical Temple
  5813 | Temple   | Became a worshipper of Kikubaaqudgha
  6137 | D:7      | Noticed Blork the orc
  6199 | D:7      | Noticed Charly's ghost (average TeFE)
  6222 | D:7      | Killed Charly's ghost
  6239 | D:7      | Killed Blork the orc
  6269 | D:7      | Reached skill level 5 in Dodging
  6951 | D:8      | Noticed a centaur warrior
  7020 | D:8      | Reached XP level 10. HP: 63/63 MP: 12/22
  7024 | D:8      | Reached skill level 12 in Dodging
  7024 | D:8      | Reached skill level 13 in Stealth
  7024 | D:8      | Reached XP level 11. HP: 38/68 MP: 7/23
  7034 | D:8      | Killed a centaur warrior
  7165 | D:8      | Gained mutation: You are somewhat resistant to further mutation. [potion of mutation]
  7321 | D:8      | Reached skill level 1 in Fighting
  7383 | D:8      | Acquired Kikubaaqudgha's first power
  7383 | D:8      | Received a gift from Kikubaaqudgha
  7384 | D:8      | Identified Kikubaaqudgha's Incunabulum of Stolen Souls (Kikubaaqudgha gifted it to you on level 8 of the Dungeon)
  8019 | D:9      | Found a white marble altar of Elyvilon.
  8558 | D:9      | Found Vyaxt's Armour Shop.
  8564 | D:9      | Found a staircase to the Orcish Mines.
  8566 | D:9      | Found Gof Toats' Weapon Shop.
  8585 | D:9      | Acquired Kikubaaqudgha's second power
  8964 | D:9      | Noticed a hill giant
  8998 | D:9      | Killed a hill giant
  8998 | D:9      | Reached skill level 5 in Fighting
  9169 | D:10     | Entered Level 10 of the Dungeon
  9248 | D:10     | Noticed Josephine
  9338 | D:10     | Found Esaate's Armour Emporium.
  9613 | D:10     | Killed Josephine
  9652 | D:10     | Got a faintly glowing silver ring
  9700 | D:10     | Identified the ring of Untruth {rN+ Dex-2 Stlth+} (You found it on level 10 of the Dungeon)
  9922 | D:10     | Got a slimy dagger
  9923 | D:10     | Identified the cursed +0 dagger "Thruodeola" {venom, +Blink rN+ Str+3} (You took it off a kobold on level 10 of the Dungeon)
 10322 | D:11     | Received a gift from Kikubaaqudgha
 10323 | D:11     | Identified Kikubaaqudgha's Handbook of Evil (Kikubaaqudgha gifted it to you on level 11 of the Dungeon)
 10332 | D:11     | Learned a level 5 spell: Dispel Undead
 10337 | D:11     | Learned a level 4 spell: Animate Dead
 10339 | D:11     | Noticed an unseen horror
 10349 | D:11     | Killed an unseen horror
 10372 | D:11     | Found a shimmering altar of Xom.
 10381 | D:11     | Noticed an unseen horror
 10384 | D:11     | Killed an unseen horror
 10387 | D:11     | Found a shimmering altar of Xom.
 10387 | D:11     | Found a shimmering altar of Xom.
 10428 | D:11     | Reached skill level 10 in Short Blades
 10495 | D:11     | Noticed Erolcha
 10498 | D:11     | Killed Erolcha
 10498 | D:11     | Reached skill level 14 in Stealth
 10498 | D:11     | Reached XP level 12. HP: 89/89 MP: 24/24
 10719 | D:11     | Found a staircase to the Lair.
 10800 | Lair:1   | Entered Level 1 of the Lair of Beasts
 11204 | Lair:1   | Found a deep blue altar of Sif Muna.
 11275 | Lair:1   | Noticed a seven-headed hydra
 11290 | Lair:1   | Killed an eight-headed hydra
 11744 | Lair:2   | Reached skill level 15 in Stealth
 12017 | Lair:2   | Noticed a seven-headed hydra
 12123 | Lair:2   | Killed a seven-headed hydra
 12241 | Lair:2   | Acquired Kikubaaqudgha's third power
 12639 | Lair:3   | Noticed a six-headed hydra
 12643 | Lair:3   | Killed a six-headed hydra
 12657 | Lair:3   | Noticed Gastronok
 12684 | Lair:3   | Killed Gastronok
 12998 | Lair:3   | Reached skill level 15 in Dodging
 13141 | Lair:3   | Reached skill level 1 in Necromancy
 13777 | Lair:4   | Noticed Erica
 13788 | Lair:3   | Killed Erica
 13858 | Lair:4   | Reached XP level 13. HP: 95/95 MP: 14/25
 14164 | Lair:4   | Noticed a five-headed hydra
 14184 | Lair:4   | Killed a five-headed hydra
 14300 | Lair:4   | Reached skill level 5 in Necromancy
 14326 | Lair:4   | Noticed a six-headed hydra
 14344 | Lair:4   | Killed a seven-headed hydra
 14496 | Lair:4   | Acquired Kikubaaqudgha's fourth power
 16315 | Lair:6   | Noticed Nergalle
 16335 | Lair:6   | Killed Nergalle
 16872 | Lair:6   | Found a hole to the Spider Nest.
 17045 | Lair:6   | Found a staircase to the Shoals.
 17221 | Lair:6   | Upgraded the game from 0.15-a0-2374-gaadabb3 to 0.16-a0-212-g3ed950e
 17279 | Lair:7   | Found a labyrinth entrance.
 17280 | Lair:7   | Found a staircase to the Slime Pits.
 17373 | Lab      | Entered a labyrinth
 17413 | Lab      | Found an exit through the horrors of the Abyss.
 17684 | Lab      | Got a shimmering steel ring
 17688 | Lab      | Identified the ring "Trosasoe" {Str-1 Dex-2 Int+4} (You took it off a minotaur in a labyrinth)
 17699 | Lab      | Identified a +4 rod of destruction (12/12) (You found it in a labyrinth)
 17700 | Lab      | Identified a cursed +3 rod of destruction (3/14) (You took it off a minotaur in a labyrinth)
 17702 | Lab      | Identified a scroll of acquirement
 17921 | Lair:7   | Found a snail-covered altar of Cheibriados.
 18062 | Lair:7   | Noticed Fannar
 18087 | Lair:7   | Reached skill level 10 in Fighting
 18098 | Lair:7   | Reached XP level 14. HP: 110/110 MP: 24/26
 18217 | Lair:7   | Reached skill level 10 in Necromancy
 18389 | Lair:7   | Killed Fannar
 18545 | Lair:8   | Entered Level 8 of the Lair of Beasts
 18614 | Lair:8   | Reached skill level 1 in Shields
 19305 | Lair:8   | Found a burning altar of Makhleb.
 19575 | Lair:8   | Reached skill level 5 in Shields
 19633 | Lair:8   | Found a gateway to Hell.
 19661 | Lair:8   | Identified a +1 pair of boots of running (You found it on level 8 of the Lair of Beasts)
 20413 | Temple   | Identified a +10 quick blade of pain (a +10 quick blade of flaming bloodied by Kikubaaqudgha)
 20565 | Orc:1    | Entered Level 1 of the Orcish Mines
 20728 | Orc:1    | Found a burning altar of Makhleb.
 21372 | Orc:2    | Found a dark tunnel.
 21381 | Volcano  | Entered a volcano
 21444 | Volcano  | Found a burning altar of Makhleb.
 21467 | Volcano  | Reached skill level 16 in Stealth
 21647 | Volcano  | Reached skill level 18 in Stealth
 21647 | Volcano  | Reached XP level 15. HP: 81/115 MP: 25/27
 21874 | Orc:2    | Found a roughly hewn altar of Beogh.
 22159 | Orc:2    | Found a deep blue altar of Sif Muna.
 22161 | Orc:2    | Noticed Grum
 22170 | Orc:2    | Killed Grum
 22673 | Orc:2    | Reached skill level 19 in Stealth
 22991 | Orc:3    | Noticed Nessos
 23014 | Orc:3    | Killed Nessos
 23464 | Orc:4    | Entered Level 4 of the Orcish Mines
 23464 | Orc:4    | Found Orchomm's Antique Weapon Emporium.
 23566 | Orc:4    | Found a staircase to the Elven Halls.
 23575 | Orc:4    | Found a roughly hewn altar of Beogh.
 23835 | Orc:4    | Found Smaism's Book Emporium.
 23966 | Orc:4    | Found Sud Etih's General Store.
 23974 | Orc:4    | Reached skill level 20 in Stealth
 23982 | Orc:4    | Bought a scroll of acquirement for 884 gold pieces
 23982 | Orc:4    | Bought an uncursed ring of protection from magic for 425 gold pieces
 24007 | Orc:4    | Found Sivamy's Antique Armour Emporium.
 24495 | Orc:4    | Bought a book of Necromancy for 480 gold pieces
 24500 | Orc:4    | Learned a level 3 spell: Regeneration
 24917 | Spider:1 | Entered Level 1 of the Spider Nest
 24989 | Spider:1 | Reached XP level 16. HP: 122/122 MP: 27/27
 25216 | Spider:1 | Reached skill level 21 in Stealth
 25743 | Spider:1 | Reached skill level 22 in Stealth
 26444 | Spider:2 | Noticed Aizul
 26463 | Spider:2 | Killed Aizul
 26463 | Spider:2 | Reached skill level 23 in Stealth
 26816 | Spider:2 | Noticed Azrael
 26837 | Spider:2 | Killed Azrael
 27326 | D:12     | Found a basalt altar of Yredelemnul.
 27553 | D:12     | Noticed Afay's ghost (powerful SpWr)
 27562 | D:12     | Killed Afay's ghost
 28990 | Spider:1 | Reached skill level 24 in Stealth
 29651 | Spider:5 | Entered Level 5 of the Spider Nest
 30099 | Spider:5 | Reached skill level 25 in Stealth
 30617 | Spider:5 | Reached XP level 17. HP: 104/129 MP: 28/28
 31312 | Spider:5 | Reached skill level 1 in Evocations
 31589 | Spider:5 | Got a gossamer rune of Zot
 31995 | Lair:3   | Reached skill level 5 in Evocations
 32389 | D:13     | Reached skill level 1 in Charms
 32768 | D:13     | Learned a level 1 spell: Apportation
 32898 | D:13     | Found a gate to the Vaults.
 32902 | D:13     | Reached skill level 5 in Charms
 33008 | D:13     | Found a portal to a secret trove of treasure.
 33157 | D:14     | Noticed Kirke
 33216 | D:14     | Killed Kirke
 33490 | D:14     | Noticed Frances
 33509 | D:14     | Killed Frances
 33952 | D:15     | Entered Level 15 of the Dungeon
 34066 | D:15     | Noticed Urug
 34081 | D:15     | Killed Urug
 34391 | D:15     | Found a staircase to the Depths.
 35380 | Shoals:1 | Entered Level 1 of the Shoals
 35393 | Shoals:1 | Reached skill level 10 in Charms
 35427 | Shoals:1 | Noticed Louise
 35437 | Shoals:1 | Killed Louise
 35740 | Shoals:1 | Learned a level 3 spell: Dazzling Spray
 35905 | Shoals:1 | Reached XP level 18. HP: 138/138 MP: 14/29
 36197 | Shoals:2 | Reached skill level 1 in Conjurations
 36345 | Shoals:2 | Noticed Polyphemus
 36347 | Shoals:2 | Killed Polyphemus
 36375 | Shoals:2 | Cast into the Abyss (a Zot trap)
 36491 | Abyss:1  | Noticed a bone dragon
 36838 | Shoals:2 | Escaped the Abyss
 37380 | Shoals:4 | Got a distressingly furry cloak
 37392 | Shoals:4 | Identified the +2 cloak of Skellia {+Fly Slay+3 SInv} (You found it on level 4 of the Shoals)
 37408 | Shoals:4 | Reached skill level 1 in Armour
 37913 | Shoals:5 | Entered Level 5 of the Shoals
 37943 | Shoals:5 | Noticed Asterion
 38134 | Shoals:5 | Noticed Crauler's ghost (mighty OgBe)
 38189 | Shoals:5 | Killed Crauler's ghost
 38410 | Shoals:5 | Noticed Ilsuiw
 38620 | Shoals:5 | Killed from afar by Ilsuiw

Action                   |  1- 3 |  4- 6 |  7- 9 | 10-12 | 13-15 | 16-18 || total
-------------------------+-------+-------+-------+-------+-------+-------++-------
Melee: Dagger            |   131 |    67 |   310 |   174 |    20 |       ||   702
       Short sword       |       |       |    33 |   501 |   364 |       ||   898
       Unarmed           |       |       |       |     9 |       |       ||     9
       Quick blade       |       |       |       |       |   863 |  2157 ||  3020
       Rod               |       |       |       |       |       |     1 ||     1
Throw: Stone             |    22 |     9 |    15 |    10 |       |       ||    56
       Javelin           |       |       |       |       |     1 |       ||     1
 Cast: Corona            |     1 |     1 |       |       |     5 |       ||     7
       Ensorcelled Hiber |       |     8 |    63 |    50 |    27 |       ||   148
       Confuse           |       |       |    40 |   101 |    85 |    14 ||   240
       Enslavement       |       |       |       |     3 |       |       ||     3
       Animate Dead      |       |       |       |       |    22 |     8 ||    30
       Regeneration      |       |       |       |       |       |    36 ||    36
       Dispel Undead     |       |       |       |       |       |    15 ||    15
       Dazzling Spray    |       |       |       |       |       |    11 ||    11
       Apportation       |       |       |       |       |       |     4 ||     4
 Abil: Bottle Blood      |       |       |    28 |    32 |    44 |    23 ||   127
       End Transformatio |       |       |       |     4 |     1 |       ||     5
       Bat Form          |       |       |       |     4 |     1 |       ||     5
       Evoke Flight      |       |       |       |       |       |     8 ||     8
Evoke: Wand              |     1 |       |     5 |    11 |     6 |     3 ||    26
       Lamp of fire      |       |       |       |     1 |       |     1 ||     2
       Rod               |       |       |       |       |     9 |    13 ||    22
  Use: Potion            |       |       |     8 |    15 |    30 |    30 ||    83
       Scroll            |       |       |    15 |    14 |    15 |     5 ||    49
 Stab: Sleeping          |     5 |     8 |    46 |    55 |    89 |   105 ||   308
       Distracted        |     1 |       |     1 |     8 |     9 |    19 ||    38
       Confused          |       |       |    26 |    59 |    46 |     4 ||   135
       Invisible         |       |       |       |     1 |     2 |     2 ||     5
  Eat: Corpse            |    12 |     8 |     9 |     7 |    25 |    25 ||    86
